 Dungeon Crawl Stone Soup version 0.17-a0-83-g894156c (webtiles) character file.

206479 PolkaDot the Imperceptible (level 18, -9/125 HPs)
             Began as a Vampire Summoner on Mar 17, 2015.
             Was the Champion of Ashenzari.
             Blown up by an orb spider (44 damage)
             ... with an orb of destruction
             ... on level 5 of the Spider Nest.
             The game lasted 02:57:47 (38282 turns).

PolkaDot the Imperceptible (Vampire Summoner)      Turns: 38282, Time: 02:57:48

Health: -9/125     AC: 17    Str:  7    XL:     18   Next: 7%
Magic:  27/42      EV: 17    Int: 35    God:    Ashenzari [******]
Gold:   2735       SH:  0    Dex:  9    Spells: 6 memorised, 1 level left

rFire  + + +     SeeInvis +     J - +5 quick blades "Gyre" and "Gimble" {pierce, Dex-3} (curse)
rCold  + + .     Clarity  +     C - +4 troll leather armour (curse)
rNeg   + + +     SustAb   .     (no shield)
rPois  ∞         Gourm    .     L - +2 hat (curse)
rElec  .         Spirit   .     A - +2 cloak {+Inv} (curse)
rCorr  .         Warding  .     c - +2 pair of gloves (curse)
rMut   +         Stasis   .     n - +0 pair of boots of Kienoit {Int+4} (curse)
MR     +....                    H - amulet of Oenomania {rMut MP+9 Stlth+} (curse)
Stlth  ++++++++++               x - ring of Jealousy {+Inv rF+++ Int+6 Dex-2 Stlth+} (curse)
                                Z - +5 ring of evasion (curse)

@: very slightly contaminated, bloodless, non-regenerating, somewhat resistant
to hostile enchantments, uncannily stealthy
A: bottle blood, fangs 3, hooves 1, see invisible, clever 1, wild magic 1,
unbreathing
a: Bat Form, Scrying, Transfer Knowledge, Renounce Religion, Evoke Invisibility
}: 1/15 runes: decaying


You were on level 5 of the Spider Nest.
You worshipped Ashenzari.
Ashenzari was exalted by your worship.
You were bloodless.

You visited 5 branches of the dungeon, and saw 34 of its levels.
You also visited: Bailey, Ice Cave and Volcano.

You collected 2735 gold pieces.

Inventory:

Hand weapons
 J - the cursed +5 quick blades "Gyre" and "Gimble" (weapon) {pierce, Dex-3}
   (You found it on level 13 of the Dungeon)

   It inflicts extra damage upon your enemies.
   It affects your dexterity (-3).
   It has a curse placed upon it.
Armour
 c - a cursed +2 pair of gloves (worn)
 n - the cursed +0 pair of boots of Kienoit (worn) {Int+4}
   (You acquired it on level 8 of the Lair of Beasts)

   It affects your intelligence (+4).
   It has a curse placed upon it.
 A - a cursed +2 cloak of invisibility (worn)
 C - a cursed +4 troll leather armour (worn)
 L - a cursed +2 hat (worn)
Rods
 Q - a +3 rod of ignition (13/13)
   (You found it on level 13 of the Dungeon)
Jewellery
 x - the cursed ring of Jealousy (right hand) {+Inv rF+++ Int+6 Dex-2 Stlth+}
   (You found it on level 13 of the Dungeon)

   [ring of intelligence]

   It affects your intelligence (+6).
   It affects your dexterity (-2).
   It renders you almost immune to fire.
   It lets you turn invisible.
   It makes you more stealthy.
   It has a curse placed upon it.
 H - the cursed amulet of Oenomania (around neck) {rMut MP+9 Stlth+}
   (You found it on level 13 of the Dungeon)

   [amulet of resist mutation]

   It protects you from mutation.
   It affects your magic capacity (+9).
   It makes you more stealthy.
   It has a curse placed upon it.
 Z - a cursed +5 ring of evasion (left hand)
Magical devices
 g - a wand of enslavement (14)
 D - a wand of teleportation (9)
Scrolls
 a - 7 scrolls of identify
 h - 2 scrolls of fog
 i - a scroll of summoning
 m - 12 scrolls of teleportation
 s - 2 scrolls of amnesia
 v - 4 scrolls of immolation
 w - 2 scrolls of brand weapon
 z - 2 scrolls of blinking
 B - 6 scrolls of curse weapon
 N - 2 scrolls of magic mapping
 O - 2 scrolls of vulnerability
 R - 2 scrolls of curse armour
 T - 4 scrolls of recharging
 U - 2 scrolls of torment
 V - 3 scrolls of fear
 W - a scroll of enchant armour
 Y - 4 scrolls of remove curse
Potions
 b - a potion of flight
 d - a potion of magic
 e - 2 potions of cure mutation {!q}
 f - a potion of agility
 k - 4 potions of restore abilities
 o - 3 potions of invisibility
 r - 10 potions of curing
 t - a potion of haste
 u - 4 potions of resistance
 F - 2 potions of brilliance
 S - 2 potions of might
Books
 y - the Volume of Beguiling
   (You found it on level 13 of the Dungeon)

   Spells                             Type                      Level
   a - Corona                         Hexes                        1
   b - Tukima's Dance                 Hexes                        3
   c - Cause Fear                     Hexes                        4
   d - Silence                        Hexes/Air                    5
   e - Gell's Gravitas                Hexes/Translocation          5
   f - Mass Confusion                 Hexes                        6
 E - the Compendium of Necromancy and Good Luck
   (You found it on level 13 of the Dungeon)

   Spells                             Type                      Level
   a - Animate Skeleton               Necromancy                   1
   b - Pain                           Necromancy                   1
   c - Corpse Rot                     Necromancy                   2
   d - Regeneration                   Charms/Necromancy            3
   e - Control Undead                 Necromancy                   4
   f - Excruciating Wounds            Charms/Necromancy            5
   g - Bolt of Draining               Conjuration/Necromancy       5
   h - Death Channel                  Necromancy                   6
 G - Sif Muna's Handbook of Venomous Dislocation
   (You found it on level 13 of the Dungeon)

   Spells                             Type                      Level
   a - Apportation                    Translocation                1
   b - Blink                          Translocation                2
   c - Spider Form                    Transmutation/Poison         3
   d - Control Teleport               Charms/Translocation         4
   e - Alistair's Intoxication        Transmutation/Poison         4
   f - Warp Weapon                    Charms/Translocation         5
   g - Phase Shift                    Translocation                5
   h - Poisonous Cloud                Conjuration/Poison/Air       6
 K - a book of Enchantments

   Spells                             Type                      Level
   a - Tukima's Dance                 Hexes                        3
   b - Cause Fear                     Hexes                        4
   c - Silence                        Hexes/Air                    5
   d - Deflect Missiles               Charms/Air                   6
   e - Haste                          Charms                       6
   f - Discord                        Hexes                        8
 X - a book of Beasts

   Spells                             Type                      Level
   a - Summon Butterflies             Summoning                    1
   b - Call Canine Familiar           Summoning                    3
   c - Summon Ice Beast               Ice/Summoning                4
   d - Summon Mana Viper              Hexes/Summoning              5
   e - Monstrous Menagerie            Summoning                    6
   f - Summon Hydra                   Summoning                    7
Miscellaneous
 j - a plain deck of destruction {the Orb}
 l - a phial of floods
 p - a sack of spiders
 q - a phial of floods
 I - a fan of gales
 M - a crystal ball of energy


   Skills:
 - Level 6.5 Fighting
 - Level 12.5(18.0) Short Blades
 - Level 2.1(5.5) Dodging
 + Level 22.5(25.9) Stealth
   Level 1.0 Shields
 - Level 2.0 Spellcasting
 + Level 5.5(10.0) Charms
 * Level 15.3(19.3) Summonings
 - Level 5.5(10.0) Translocations
 - Level 7.0(11.5) Transmutations
 - Level 5.0(9.4) Ice Magic
   Level 3.8(7.9) Air Magic
 - Level 5.7(10.2) Earth Magic
 - Level 13.8(17.9) Evocations


You had one spell level left.
You knew the following spells:

 Your Spells              Type           Power        Failure   Level  Hunger
a - Apportation           Tloc           #######...   1%          1    None
c - Control Teleport      Chrm/Tloc      #######...   4%          4    ####...
i - Summon Ice Beast      Ice/Summ       ########     1%          4    ####...
m - Monstrous Menagerie   Summ           ########..   2%          6    #######
p - Passwall              Trmt/Erth      #######...   2%          3    ###....
q - Blink                 Tloc           N/A          1%          2    ##.....


Dungeon Overview and Level Annotations

Branches:
Dungeon (15/15)            Temple (1/1) D:6            Lair (8/8) D:11
  Swamp (5/5) Lair:6       Spider (5/5) Lair:6        Slime (0/6) Lair:8
    Orc (0/4) D:12         Vaults (0/5) D:14         Depths (0/5) D:15

Altars:
Ashenzari
Cheibriados
Dithmenos
Elyvilon
Fedhas
Gozag
Kikubaaqudgha
Makhleb
Nemelex Xobeh
Okawaru
Qazlal
Ru
Sif Muna
Trog
Vehumet
Xom
Yredelemnul
Zin
The Shining One
Jiyva

Shops:
D:14 ?

Annotations:
D:8 Psyche
D:13 exclusion: orange crystal statue


Innate Abilities, Weirdness & Mutations

You do not heal naturally.
You can bottle blood from corpses.
You have razor-sharp teeth.
You have supernaturally acute eyesight.
You can survive without breathing.
You have large cloven feet.
Your mind is acute. (Int +2)
Your spells are a little harder to cast, but a little more powerful.


Message History

The orb spider pulsates with a strange energy.
The jumping spider leaps!
Your harpy claws the jumping spider!
Your harpy barely misses the jumping spider.
Your manticore flicks its tail.
The volley of spikes hits the jumping spider.
The jumping spider dies!
Your harpy claws the orb spider.
Your harpy closely misses the orb spider.
Your harpy misses the orb spider.
Your harpy closely misses the orb spider.
Your manticore evades a web.
The orb spider weaves a glowing orb of energy.
Your harpy claws the orb spider but does no damage.
Your harpy claws the orb spider!
Your harpy claws the orb spider.
Your harpy claws the orb spider!
You swap places.
Your harpy closely misses the orb spider.
Your harpy claws the orb spider. x3
The orb of destruction hits your harpy. The orb of destruction hits you!
You die...

,,,,,,####^..####................
≈≈≈≈≈,,y≈#...≈####.#...#.#....#..
,,≈≈≈≈≈,∆#....≈##.....#........#^
≈≈,,,,{,##≈.(^.###sH#†§§...#....,
,,,≈,*###≈≈..^.###§.H§.........,,
******≈≈≈≈....###§H†..^.....#.#,,
,,,,≈,,,^.^..####§^≈...#...^...#,
,,,,,{∆,,,#..≈.#H§.≈......#.....*
,****,{***#...≈†@....#.:........,
** **** ###†.†..≈..^...#.#.#.., *
*********###..^....#..#...#,,,,
***,,,,*,*#.....#..#.^#......#,,,
,,,,*,,........#...........##..,*
,,,,,,,.#...#............#..,,,,,
,,,,,,,...$#.....#.....^.....,*,,
,,,,,*,,.......#..<#.....#,.,,,*,
,*,,,*,,,.,..#(..........,,,*,,,*


You could see an orb spider, a friendly sphinx, a friendly manticore and 2
friendly harpies.

Vanquished Creatures
  An Ice Fiend (IceCv)
  3 thorn hunters
  The ghost of Squibie the Fencer, a mighty DgGl (Swamp:4)
  A deep elf sorcerer (D:13)
  An emperor scorpion (Spider:5)
  Gastronok (Lair:1)
  2 rakshasas (D:15)
  Josephine (D:12)
  4 catoblepae
  23 hydras
  3 centaur warriors
  5 alligators
  The ghost of BluebellGnoll the Unseen, a powerful SpEn of Vehumet (D:13)
  A tengu warrior (D:15)
  19 death yaks
  A vampire mage (D:13)
  Urug (D:10)
  Nergalle (Lair:4)
  5 spriggans
  9 ice devils (IceCv)
  A skeletal warrior (D:14)
  The ghost of nataq the Covered, an experienced DjFi of Cheibriados (D:6)
  A wizard (D:15)
  A spriggan druid (Swamp:4)
  13 swamp dragons
  3 unseen horrors
  4 ice statues (IceCv)
  6 orc knights
  7 hill giants
  A wolf spider zombie (D:15)
  3 shambling mangroves
  5 wolf spiders
  5 cyclopes
  An orb spider (Spider:5)
  An oklob plant (Lair:3)
  8 ugly things
  2 orc sorcerers (D:13)
  A griffon (D:14)
  A hornet (Spider:5)
  4 black mambas
  4 elephants (Lair:8)
  A guardian serpent (shapeshifter) (D:15)
  Maurice (D:8)
  2 gargoyles
  29 spiny frogs
  5 naga magi (D:13)
  2 torpor snails
  7 komodo dragons
  6 orange demons (D:14)
  2 fire drakes
  An anaconda simulacrum (IceCv)
  2 tengu conjurers (D:15)
  2 demonic crawlers
  4 two-headed ogres
  A queen bee (Lair:4)
  2 red devils (D:14)
  Sonja (D:15)
  2 jumping spiders (Spider:5)
  A jumping spider (shapeshifter) (D:15)
  4 blue devils (IceCv)
  A polar bear (Lair:5)
  42 blink frogs
  7 giant leeches
  7 baby alligators
  10 bog bodies
  A boulder beetle (Lair:8)
  13 ravens
  2 trolls
  15 slime creatures
  16 humans (D:14)
  6 shadows
  8 deep elf magi
  A centaur simulacrum (D:14)
  3 redbacks (Spider:2)
  5 basilisks
  34 yaks
  3 wyverns
  7 trapdoor spiders
  A tarantella (Spider:5)
  4 wraiths
  A vampire (D:13)
  2 dire elephant simulacra (IceCv)
  27 vampire mosquitoes
  A steam dragon (D:15)
  8 wolves
  12 hippogriffs
  2 iron troll simulacra (IceCv)
  A deep elf fighter (D:14)
  An insubstantial wisp (Swamp:5)
  2 harpy simulacra (IceCv)
  18 water moccasins
  3 soldier ants
  6 sky beasts
  28 swamp worms
  8 orc warriors
  16 swamp drakes
  2 hydra simulacra (IceCv)
  12 porcupines
  4 ice beasts
  8 ogres
  An eye of draining (D:14)
  An ettin simulacrum (IceCv)
  A black bear (D:12)
  4 centaurs
  3 boggarts (D:15)
  6 wasps
  Sigmund (D:3)
  4 big kobolds
  21 crocodiles
  A boring beetle (shapeshifter) (D:15)
  32 giant frogs
  2 scorpions
  A wyvern skeleton (D:11)
  29 killer bees
  3 electric eels
  A troll skeleton (D:11)
  7 wights
  2 crimson imps
  2 centaur zombies
  11 hounds
  5 jellies
  A lava snake (Volcano)
  2 giant frog zombies
  A goliath beetle (D:6)
  Crazy Yiuf (D:7)
  2 giant frog skeletons
  7 centaur skeletons
  12 orc wizards
  2 orc priests
  7 worker ants
  Natasha (thrice) (D:3)
  2 killer bee zombies
  2 sheep (D:14)
  7 iguanas
  Ijyb (D:3)
  Terence (D:3)
  3 hound skeletons
  A mummy (D:11)
  2 gnolls (D:6)
  22 adders
  79 river rats
  7 shadow imps
  2 giant mites
  12 white imps (Spider:3)
  5 worms
  4 giant geckos
  An ooze (D:2)
  68 orcs
  2 ball pythons (D:2)
  12 bats
  A bat zombie (D:5)
  18 hobgoblins
  16 jackals
  28 kobolds
  18 quokkas
  5 giant cockroaches
  A giant cockroach zombie (D:6)
  3 giant gecko skeletons
  3 giant newts
  2 giant spores
  21 goblins
  A jackal skeleton (D:5)
  A quokka zombie (D:7)
  18 rats
  2 ballistomycetes
  A bush (Lair:3)
  A butterfly (Lair:1)
  5 fungi
  7 plants (Lair:8)
1141 creatures vanquished.

Vanquished Creatures (collateral kills)
  A death yak (Lair:5)
  An ice statue (D:11)
  A hill giant (D:10)
  A swamp dragon (Swamp:4)
  3 orb spiders
  An oklob plant (Lair:3)
  A wolf spider (Spider:5)
  An orc sorcerer (D:13)
  A naga mage (D:13)
  2 komodo dragons
  A fire drake (Lair:1)
  4 jumping spiders (Spider:5)
  Grinder (D:3)
  A boulder beetle (Lair:8)
  A raven (D:13)
  A blink frog (Lair:8)
  3 trapdoor spiders (Spider:5)
  2 yaks
  A tarantella (Spider:5)
  A wolf (Lair:7)
  A vampire mosquito (D:13)
  2 orc warriors
  A sky beast (D:9)
  A spider (Spider:5)
  A boring beetle (Lair:8)
  A crocodile (Lair:8)
  A giant frog (Lair:2)
  A scorpion (D:10)
  3 killer bees
  A jelly (Lair:8)
  An electric eel (Lair:8)
  2 hounds
  2 giant frog skeletons
  An orc priest (D:7)
  An orc wizard (D:8)
  2 worker ants
  2 iguanas
  2 adders (D:2)
  3 orcs
  A giant cockroach (D:2)
  A goblin (D:1)
  2 hobgoblins
  A ballistomycete (D:10)
  A bush (Lair:3)
  A fungus (Lair:8)
65 creatures vanquished.

Vanquished Creatures (others)
  3 lindwurms
  A manticore (Spider:5)
  3 water elementals (Swamp:4)
  An air elemental (Swamp:4)
  A spiny frog (Swamp:5)
  3 ice beasts
  3 wargs
  2 wolves
  2 crimson imps (D:9)
  A quasit (D:9)
  2 white imps (D:8)
  A quokka (D:10)
  7 fungi
  6 plants
36 creatures vanquished.

Grand Total: 1242 creatures vanquished

Notes
Turn   | Place    | Note
--------------------------------------------------------------
     0 | D:1      | PolkaDot, the Vampire Summoner, began the quest for the Orb.
     0 | D:1      | Reached XP level 1. HP: 13/13 MP: 3/3
   141 | D:1      | Reached skill level 1 in Short Blades
   287 | D:1      | Reached XP level 2. HP: 11/19 MP: 4/4
   435 | D:1      | Learned a level 2 spell: Call Imp
   960 | D:2      | Reached XP level 3. HP: 3/24 MP: 0/6
   968 | D:2      | HP: 1/24 [poisoned by an adder]
   974 | D:2      | HP: 1/24 [poisoned by an adder]
   980 | D:2      | HP: 1/24 [poisoned by an adder]
  1156 | D:2      | Found a sacrificial altar of Ru.
  1320 | D:2      | Found a glowing silver altar of Zin.
  1428 | D:2      | Learned a level 3 spell: Call Canine Familiar
  1590 | D:2      | Reached XP level 4. HP: 18/30 MP: 7/7
  2273 | D:3      | Noticed Natasha
  2287 | D:3      | Killed Natasha
  2383 | D:3      | Noticed Natasha
  2395 | D:3      | Killed Natasha
  2417 | D:3      | Noticed Sigmund
  2431 | D:3      | Killed Sigmund
  2431 | D:3      | Reached skill level 1 in Shields
  2431 | D:3      | Reached XP level 5. HP: 28/35 MP: 0/9
  2482 | D:3      | Noticed Terence
  2505 | D:3      | Killed Terence
  2516 | D:3      | Found an opulent altar of Gozag.
  2683 | D:3      | Noticed Grinder
  2687 | D:3      | Paralysed by Grinder for 6 turns
  2701 | D:3      | Killed Grinder
  2701 | D:3      | Reached skill level 5 in Short Blades
  2701 | D:3      | Reached skill level 5 in Stealth
  2701 | D:3      | Reached XP level 6. HP: 23/41 MP: 5/10
  2912 | D:3      | Noticed Natasha
  2926 | D:3      | Killed Natasha
  2980 | D:3      | Noticed Ijyb
  3016 | D:3      | Killed Ijyb
  3451 | D:4      | Found a basalt altar of Yredelemnul.
  3803 | D:4      | Reached XP level 7. HP: 34/46 MP: 1/12
  4093 | D:5      | Entered Level 5 of the Dungeon
  4172 | D:5      | Reached skill level 6 in Short Blades
  4211 | D:5      | Reached skill level 5 in Summonings
  4540 | D:5      | You fall through a shaft for 3 floors!
  4764 | D:8      | Found a bloodstained altar of Trog.
  4765 | D:8      | Found an iron altar of Okawaru.
  4770 | D:8      | Reached skill level 7 in Short Blades
  4848 | D:8      | Noticed a wyvern
  4857 | D:8      | Killed a wyvern
  4857 | D:8      | Reached XP level 8. HP: 27/52 MP: 3/13
  4864 | D:8      | Learned a level 4 spell: Summon Ice Beast
  4874 | D:8      | Noticed a two-headed ogre
  4942 | D:8      | Killed a two-headed ogre
  4942 | D:8      | Reached skill level 1 in Ice Magic
  4986 | D:8      | Noticed Maurice
  5005 | D:8      | Killed Maurice
  5005 | D:8      | Reached skill level 8 in Short Blades
  5137 | D:8      | Noticed Psyche
  5466 | D:8      | Reached skill level 9 in Short Blades
  5824 | D:7      | Reached XP level 9. HP: 57/57 MP: 14/14
  6020 | D:6      | Reached skill level 10 in Short Blades
  6169 | D:6      | Found a staircase to the Ecumenical Temple.
  6185 | Temple   | Entered the Ecumenical Temple
  6478 | Temple   | Became a worshipper of Ashenzari the Shackled
  6517 | D:6      | Noticed nataq's ghost (experienced DjFi)
  6522 | D:6      | Killed nataq's ghost
  6522 | D:6      | Reached skill level 10 in Stealth
  6564 | D:6      | Gained mutation: Your spells are a little harder to cast, but a little more powerful. [potion of mutation]
  6564 | D:6      | Gained mutation: Your mind is acute. (Int +2) [potion of mutation]
  6564 | D:6      | Gained mutation: You have large cloven feet. [potion of mutation]
  6703 | D:6      | Reached skill level 1 in Evocations
  6787 | D:6      | Found a shimmering altar of Xom.
  7304 | D:7      | Reached skill level 5 in Ice Magic
  7435 | D:7      | Reached XP level 10. HP: 36/63 MP: 6/16
  7662 | D:7      | Found a shadowy altar of Dithmenos.
  8240 | D:7      | Noticed Crazy Yiuf
  8243 | D:7      | Killed Crazy Yiuf
  8372 | D:9      | Reached skill level 11 in Stealth
  9593 | D:9      | Reached skill level 5 in Evocations
  9853 | D:10     | Entered Level 10 of the Dungeon
  9985 | D:10     | Noticed Urug
  9998 | D:10     | Killed Urug
  9998 | D:10     | Reached skill level 12 in Stealth
 10169 | D:10     | Noticed a hill giant
 10184 | D:10     | Killed a hill giant
 10498 | D:10     | Noticed a hill giant
 10505 | D:10     | Killed a hill giant
 10688 | D:10     | Reached XP level 11. HP: 66/68 MP: 21/21
 10876 | D:10     | Acquired Ashenzari's first power
 11218 | D:10     | Learned a level 4 spell: Summon Lightning Spire
 11247 | D:11     | Noticed an ice statue
 11284 | D:11     | Killed an ice statue
 11440 | D:11     | Noticed a hill giant
 11447 | D:11     | Killed a hill giant
 11581 | D:11     | Found a staircase to the Lair.
 11805 | D:11     | Reached skill level 13 in Stealth
 11809 | D:11     | Noticed a hill giant
 11821 | D:11     | Killed a hill giant
 11877 | D:11     | Noticed an unseen horror
 11878 | D:11     | Found a runed door.
 12163 | D:11     | Killed an unseen horror
 12434 | Lair:1   | Entered Level 1 of the Lair of Beasts
 12561 | Lair:1   | Reached skill level 1 in Air Magic
 12685 | Lair:1   | Acquired Ashenzari's second power
 12727 | Lair:1   | Noticed Gastronok
 12847 | Lair:1   | Killed Gastronok
 13382 | Lair:2   | Identified the ring of Menniacu {rF+ Str+8 Dex-2 SInv}
 13514 | Lair:2   | Found a dark tunnel.
 13525 | Volcano  | Entered a volcano
 13782 | Volcano  | Found a bloodstained altar of Trog.
 13782 | Volcano  | Noticed a centaur warrior
 13784 | Volcano  | Killed a centaur warrior
 13784 | Volcano  | Reached skill level 14 in Stealth
 13785 | Volcano  | Reached XP level 12. HP: 74/74 MP: 24/24
 13930 | Lair:2   | Acquired Ashenzari's third power
 14239 | Lair:2   | Identified the cursed +0 greatsling of Nyot {velocity, +Inv rF+}
 15319 | Lair:3   | Reached skill level 10 in Evocations
 15422 | Lair:3   | Reached skill level 15 in Stealth
 15444 | Lair:3   | Identified a -3 rod of ignition (12/12)
 15982 | Lair:4   | Noticed a catoblepas
 15987 | Lair:4   | Killed a catoblepas
 15987 | Lair:4   | Reached skill level 10 in Summonings
 16003 | Lair:4   | Noticed a catoblepas
 16192 | Lair:4   | Acquired Ashenzari's fourth power
 16194 | Lair:4   | Killed a catoblepas
 16218 | Lair:4   | Reached XP level 13. HP: 79/79 MP: 27/27
 16411 | Lair:4   | Noticed Nergalle
 16444 | Lair:4   | Killed Nergalle
 16620 | Lair:4   | Reached skill level 16 in Stealth
 16681 | Lair:4   | Noticed a six-headed hydra
 16686 | Lair:4   | Killed a six-headed hydra
 16736 | Lair:4   | Noticed an eight-headed hydra
 16934 | Lair:4   | Killed an eight-headed hydra
 17177 | Lair:4   | Noticed a four-headed hydra
 17183 | Lair:4   | Killed a four-headed hydra
 18380 | Lair:5   | Reached skill level 17 in Stealth
 18911 | Lair:6   | Found a hole to the Spider Nest.
 19266 | Lair:6   | Found a staircase to the Swamp.
 19694 | Lair:6   | Reached XP level 14. HP: 82/85 MP: 29/29
 20644 | Lair:6   | Learned a level 3 spell: Passwall
 21044 | Lair:7   | Reached skill level 1 in Transmutations
 21349 | Lair:7   | Reached skill level 1 in Earth Magic
 22095 | Lair:8   | Entered Level 8 of the Lair of Beasts
 22152 | Lair:8   | Reached skill level 18 in Stealth
 22604 | Lair:8   | Identified the +1 leather armour of Icuaq {rElec rPois rN+ Dex-3}
 23063 | Lair:8   | Reached skill level 5 in Transmutations
 23259 | Lair:8   | Reached skill level 5 in Earth Magic
 23400 | Lair:8   | Found a viscous altar of Jiyva.
 23400 | Lair:8   | Found a staircase to the Slime Pits.
 23548 | Lair:8   | Identified the +7 whip "Zemmij" {speed, Int-5 Dex+4}
 24338 | Lair:8   | Reached skill level 19 in Stealth
 24407 | Lair:8   | Identified a scroll of acquirement
 24410 | Lair:8   | Got the cursed pair of boots of Kienoit {Int+4}
 24416 | Lair:8   | Identified the cursed +0 pair of boots of Kienoit {Int+4} (You acquired it on level 8 of the Lair of Beasts)
 24919 | D:12     | Found a staircase to the Orcish Mines.
 24965 | D:12     | Found a flagged portal.
 25094 | Bailey   | Entered a bailey
 25735 | D:12     | Reached XP level 15. HP: 90/90 MP: 30/30
 25744 | D:12     | Noticed Josephine
 25758 | D:12     | Killed Josephine
 26425 | D:12     | Reached skill level 5 in Fighting
 26425 | D:12     | Reached XP level 16. HP: 95/109 MP: 31/31
 26696 | D:13     | Identified the ring of Jealousy {+Inv rF+++ Int+6 Dex-2 Stlth+}
 26745 | D:13     | Noticed BluebellGnoll's ghost (powerful SpEn)
 26753 | D:13     | Killed BluebellGnoll's ghost
 27375 | D:13     | Identified the Catalogue of Flight and Combat Magic
 27433 | D:13     | Found a deep blue altar of Sif Muna.
 27479 | D:13     | Paralysed by an orc sorcerer for 4 turns
 27505 | D:13     | Identified a +3 rod of ignition (13/13)
 27529 | D:13     | Identified the Volume of Beguiling (You found it on level 13 of the Dungeon)
 27540 | D:13     | Identified the amulet of Oenomania {rMut MP+9 Stlth+}
 27542 | D:13     | Identified the Compendium of Necromancy and Good Luck
 27544 | D:13     | Identified Sif Muna's Handbook of Venomous Dislocation
 27740 | D:13     | Learned a level 2 spell: Blink
 27745 | D:13     | Learned a level 1 spell: Apportation
 27753 | D:13     | Learned a level 6 spell: Monstrous Menagerie
 27802 | D:13     | Identified the Catalogue of Transformation (You found it on level 13 of the Dungeon)
 28051 | D:14     | Found a gate to the Vaults.
 28066 | D:14     | Reached skill level 20 in Stealth
 28771 | D:14     | Found Grasogh's Magic Scroll Shop.
 29237 | D:15     | Entered Level 15 of the Dungeon
 29265 | D:15     | Noticed Sonja
 29286 | D:15     | Killed Sonja
 29474 | D:15     | Found a staircase to the Depths.
 29530 | D:15     | Found a deep blue altar of Sif Muna.
 30753 | Swamp:1  | Entered Level 1 of the Swamp
 31013 | Swamp:1  | Reached skill level 1 in Translocations
 31396 | Swamp:1  | Identified the cursed +1 robe of Hyunn {Str+2}
 31950 | Swamp:2  | Reached skill level 21 in Stealth
 32009 | Swamp:2  | Reached XP level 17. HP: 115/115 MP: 32/32
 32247 | Swamp:2  | Reduced skill Shields to level 1
 32512 | Swamp:2  | Learned a level 4 spell: Control Teleport
 32731 | Swamp:3  | Found a stormy altar of Qazlal.
 33609 | Swamp:4  | Noticed Squibie's ghost (mighty DgGl)
 33661 | Swamp:4  | Killed Squibie's ghost
 33661 | Swamp:4  | Reached skill level 5 in Translocations
 34192 | Swamp:5  | Entered Level 5 of the Swamp
 34435 | Swamp:5  | Got a decaying rune of Zot
 34955 | Swamp:5  | Reached skill level 1 in Charms
 35626 | Swamp:5  | Reached skill level 22 in Stealth
 36255 | Spider:1 | Entered Level 1 of the Spider Nest
 36591 | Spider:2 | Identified the cursed +1 ring mail of the Nexus {rC+}
 36627 | Spider:3 | Found a frozen archway.
 36652 | IceCv    | Entered an ice cave
 37232 | IceCv    | Noticed an Ice Fiend
 37233 | IceCv    | Identified the +4 ring mail of the Beggar {rN+ rCorr}
 37236 | IceCv    | Killed an Ice Fiend
 37236 | IceCv    | Reached skill level 5 in Charms
 37236 | IceCv    | Reached skill level 15 in Summonings
 37249 | IceCv    | Identified the cursed +0 scale mail "Ycsemik" {rC++ Str+6} (You acquired it in an ice cave)
 37843 | Spider:5 | Entered Level 5 of the Spider Nest
 38002 | Spider:5 | Reached XP level 18. HP: 60/125 MP: 24/33
 38282 | Spider:5 | Blown up by an orb spider

Action                   |  1- 3 |  4- 6 |  7- 9 | 10-12 | 13-15 | 16-18 || total
-------------------------+-------+-------+-------+-------+-------+-------++-------
Melee: Dagger            |   124 |   309 |     9 |       |       |       ||   442
       Unarmed           |     1 |       |       |       |       |       ||     1
       Short sword       |       |       |   330 |   890 |   976 |   247 ||  2443
       Quick blades      |       |       |       |       |       |   846 ||   846
Throw: Throwing net      |     4 |     5 |     2 |     1 |       |       ||    12
 Cast: Summon Small Mamm |     4 |       |       |       |       |       ||     4
       Call Imp          |     7 |    15 |    14 |    20 |       |       ||    56
       Call Canine Famil |     1 |     7 |     5 |    14 |     9 |     1 ||    37
       Summon Ice Beast  |       |       |       |    20 |    22 |     3 ||    45
       Passwall          |       |       |       |       |       |     4 ||     4
       Apportation       |       |       |       |       |       |    11 ||    11
       Monstrous Menager |       |       |       |       |       |    13 ||    13
       Blink             |       |       |       |       |       |     2 ||     2
Invok: Scrying           |       |       |       |       |       |     2 ||     2
       Transfer Knowledg |       |       |       |       |       |     1 ||     1
       End Transfer Know |       |       |       |       |       |     1 ||     1
 Abil: Evoke Invisibilit |       |       |     2 |    20 |    38 |    35 ||    95
       Turn Visible      |       |       |     1 |     8 |    29 |    23 ||    61
       End Transformatio |       |       |       |       |       |     2 ||     2
       Bat Form          |       |       |       |       |       |     2 ||     2
Evoke: Wand              |       |     1 |     6 |       |     2 |     5 ||    14
       Deck              |       |       |       |       |       |     2 ||     2
       Fan of gales      |       |       |       |       |       |     1 ||     1
       Phial of floods   |       |       |       |       |       |     1 ||     1
  Use: Potion            |    10 |    13 |    11 |    16 |    12 |    17 ||    79
       Scroll            |       |     4 |    10 |    21 |    21 |    19 ||    75
 Stab: Sleeping          |     8 |    11 |    33 |    79 |   120 |   121 ||   372
       Distracted        |     1 |     3 |     3 |     5 |     7 |     5 ||    24
       Paralysed         |     1 |       |       |       |       |       ||     1
       Held in net/web   |       |     2 |     1 |     1 |       |       ||     4
       Confused          |       |       |     2 |       |       |     1 ||     3
       Invisible         |       |       |     2 |    21 |    81 |    61 ||   165
  Eat: Corpse            |     2 |     7 |       |     4 |     8 |     6 ||    27
